 Dungeon Crawl Stone Soup version 0.23-a0-512-g50a8178 (webtiles) character file.

105 theanonym the Grave Robber (level 4, 0/30 HPs)
             Began as a Mummy Necromancer on Dec 4, 2018.
             Slain by Sigmund
             ... wielding a +3 scythe of flaming
              (6 damage)
             ... on level 2 of the Dungeon.
             The game lasted 00:03:23 (2355 turns).

theanonym the Grave Robber (Mummy Necromancer)      Turns: 2355, Time: 00:03:23

Health: 0/30       AC:  1    Str: 11    XL:     4   Next: 54%
Magic:  9/10       EV: 12    Int: 15    God:
Gold:   92         SH:  0    Dex: 12    Spells: 3/11 levels left

rFire    x . .     SeeInvis .   a - +1 dagger (speed)
rCold    + . .     Gourm    .   (no shield)
rNeg     + + +     Faith    .   (no armour)
rPois    ∞         Spirit   .   (no helmet)
rElec    .         Reflect  .   (no cloak)
rCorr    .         Harm     .   (no gloves)
MR       .....                  f - +0 pair of boots
Stlth    +.........             (no amulet)
HPRegen  0.10/turn              (no ring)
MPRegen  0.12/turn              (no ring)

@: confused
A: no food or potions, fire vulnerability, cold resistance 1, negative energy
resistance 3, torment resistance, unbreathing
a: no special abilities


Innate Abilities, Weirdness & Mutations

You do not eat or drink.
Your flesh is vulnerable to fire.
You are immune to poison.
Your flesh is cold resistant. (rC+)
You are immune to negative energy. (rN+++)
You are immune to unholy pain and torment.
You can survive without breathing.


   Skills:
 + Level 1.5 Short Blades
 - Level 1.5 Dodging
 - Level 1.5 Stealth
 + Level 4.2 Spellcasting
 + Level 4.8 Necromancy


You had 3 spell levels left.
You knew the following spells:

 Your Spells              Type           Power        Failure   Level  Hunger
a - Pain                  Necr           ###.         2%          1    N/A
c - Vampiric Draining     Necr           ###.......   7%          3    N/A
e - Animate Dead          Necr           N/A          24%         4    N/A

Your spell library contained the following spells:

 Spells                   Type           Power        Failure   Level  Hunger
 Animate Skeleton         Necr           N/A          2%          1    N/A
 Regeneration             Chrm/Necr      Unusable     N/A         3    N/A

Skill      XL: |  1  2  3  4 |
---------------+-------------+-----
Spellcasting   | 3 4 |  4.2
Short Blades   | 1 |  1.5
Dodging        | |  1.5
Stealth        | |  1.5
Necromancy     | |  4.8

Action                   |  1- 3 |  4- 6 || total
-------------------------+-------+-------++-------
Melee: Unarmed           |    40 |       ||    40
       Dagger            |    78 |    66 ||   144
 Cast: Pain              |    32 |    15 ||    47
       Vampiric Draining |       |     1 ||     1
 Stab: Sleeping          |     3 |       ||     3
Armor: Robe              |    29 |       ||    29
       Skin              |     1 |     4 ||     5
Dodge: Dodged            |    57 |    43 ||   100

Inventory:

Hand Weapons
 a - a +1 dagger of speed (weapon)
   (You took it off a goblin on level 1 of the Dungeon)
Armour
 b - a +0 robe
 f - a +0 pair of boots (worn)
   (You found it on level 1 of the Dungeon)
 g - a +0 leather armour
   (You found it on level 2 of the Dungeon)
Scrolls
 c - 2 scrolls of amnesia {unknown}
 d - 2 scrolls of enchant weapon {unknown}
 e - 2 scrolls of identify {unknown}


You were on level 2 of the Dungeon.
You were not hungry.

You visited 1 branch of the dungeon, and saw 2 of its levels.

You collected 92 gold pieces.

Dungeon Overview and Level Annotations

Branches:
Dungeon (2/15)

Altars:

Annotations:
D:2 Sigmund

..........######.#.........#
..#.####### #.##........#
#.#.# #.##........# #.#.#
#.#########.# #.#.# #.# #.#
#.#.# #.# #.# ..#.# #.# #.#
###.# #.# #.# # #@# #.# #
########.# ######.# #
.........# #......# #
########## #.###### # #.# #
#.# # #.#
#####################.#
......................#


There were no monsters in sight!

Notes
Turn   | Place    | Note
-------+----------+-------------------------------------------
     0 | D:1      | theanonym the Mummy Necromancer began the quest for the
                  | Orb.
     0 | D:1      | Reached XP level 1. HP: 13/13 MP: 4/4
   169 | D:1      | Reached skill level 3 in Spellcasting
   206 | D:1      | HP: 6/13 [giant cockroach (2)]
   208 | D:1      | Reached XP level 2. HP: 6/19 MP: 1/6
  1055 | D:1      | Reached XP level 3. HP: 22/24 MP: 8/8
  1621 | D:2      | Learned a level 3 spell: Vampiric Draining
  1663 | D:1      | Reached skill level 1 in Short Blades
  1766 | D:2      | Reached XP level 4. HP: 30/30 MP: 5/9
  1814 | D:2      | Reached skill level 4 in Spellcasting
  2080 | D:2      | Learned a level 4 spell: Animate Dead
  2104 | D:2      | HP: 12/30 [hobgoblin/+0 club (6)]
  2120 | D:2      | HP: 7/30 [goblin/+0 dagger (1)]
  2342 | D:2      | Noticed Sigmund
  2352 | D:2      | HP: 12/30 [something (4)]
  2355 | D:2      | Slain by Sigmund

Vanquished Creatures
  2 adders (D:2)
  3 gnolls
  A dart slug (D:1)
  A leopard gecko (D:1)
  An orc (D:2)
  8 giant cockroaches
  5 hobgoblins
  A quokka (D:2)
  4 bats
  A frilled lizard (D:2)
  11 goblins
  5 kobolds
  14 rats
57 creatures vanquished.

Table legend:
 A = Turns spent in this place as a percentage of turns spent in the entire game.
 B = Non-inter-level travel turns spent in this place as a percentage of non-inter-level travel turns spent in the entire game.
 C = Inter-level travel turns spent in this place as a percentage of turns spent in this place.
 D = Turns resting spent in this place as a percentage of non-inter-level travel turns spent in this place.
 E = Turns spent auto-exploring this place as a percentage of non-inter-level travel turns spent in this place.
 F = Non-inter-level travel turns spent in this place divided by the number of levels of this place that you've seen.
                   A       B       C       D       E      F
               +-------+-------+-------+-------+-------+----------------------
         Total | 100.0 | 100.0 |   2.4 |  48.7 |  31.1 | 1149.5
       Dungeon | 100.0 | 100.0 |   2.4 |  48.7 |  31.1 | 1149.5
               +-------+-------+-------+-------+-------+----------------------
